 Dungeon Crawl Stone Soup version 0.31-a0-700-gf13585253f (webtiles) character file.

Game seed: 4624764752148473529

1068 Ge0ff the Shooter (level 7, -2/55 HPs)
             Began as a Demigod Shapeshifter on Sept 7, 2023.
             Slain by Duvessa the bullfrog (6 damage)
             ... on level 6 of the Dungeon.
             The game lasted 00:13:41 (5763 turns).

Ge0ff the Shooter (Demigod Shapeshifter)            Turns: 5763, Time: 00:13:42

Health: -2/55      AC:  4    Str: 12 (13) XL:     7   Next: 79%
Magic:  9/9        EV: 12    Int: 10 (12) God:
Gold:   212        SH:  0    Dex: 19 (21) Spells: 6/6 levels left

rFire   + . .        b - +0 sling
rCold   . . .        (no shield)
rNeg    + . .        H - +1 leather armour {rF+}
rPois   .            S - melded +0 helmet
rElec   .            (cloak currently unavailable)
rCorr   .            (gloves currently unavailable)
SInv    .            (boots currently unavailable)
Will    .....        (no amulet)
Stlth   ++           G - ring of positive energy
HPRegen 0.29/turn    (no ring)
MPRegen 0.11/turn

%: no passive effects
@: beast-form, weak-willed
A: beast (slay +1), high MP 1, forlorn, divine attributes, antennae 1, talons 1,
weak 1
a: Begin Untransformation


You were on level 6 of the Dungeon.
You were a hulking beast.
You visited 1 branch of the dungeon, and saw 6 of its levels.

You collected 268 gold pieces.
You spent 56 gold pieces at shops.

Inventory:

Hand Weapons
 a - a +4 dagger
 b - a +0 sling (weapon)
 U - a +4 club
Missiles
 v - 5 curare-tipped darts {=F}
 I - 11 boomerangs
 O - 51 stones
 Y - 10 poisoned darts
 Z - 3 javelins
Armour
 H - a +1 leather armour of fire resistance (worn)
 S - a +0 helmet (melded)
Jewellery
 G - a ring of positive energy (left hand)
Talismans
 c - a beast talisman (active)
 d - a flux talisman
 N - a maw talisman
Wands
 f - a wand of flame (8)
 P - a wand of polymorph (2)
Scrolls
 Q - a scroll of enchant armour
Potions
 q - 2 potions of curing
 z - 2 potions of brilliance
 M - 2 potions of might
 R - a potion of resistance
 X - a potion of enlightenment


   Skills:
 - Level 2.0 Fighting
 + Level 7.7 Ranged Weapons
 - Level 2.0 Throwing
 - Level 1.7 Dodging
 - Level 1.0 Stealth
 - Level 3.0 Unarmed Combat
 - Level 3.0 Shapeshifting


You had 6 spell levels left.
You didn't know any spells.
Your spell library contained the following spells:

 Spells                   Type           Power      Damage    Failure   Level
 Magic Dart               Conj           0%         1d3       43%         1
 Blink                    Tloc           0%         N/A       58%         2
 Call Imp                 Summ           0%         N/A       58%         2
 Lesser Beckoning         Tloc           0%         N/A       58%         2
 Momentum Strike          Conj/Tloc      0%         3d8       58%         2
 Hailstorm                Conj/Ice       0%         3d3       82%         3
 Mephitic Cloud           Conj/Pois/Air  0%         N/A       82%         3
 Tukima's Dance           Hex            0%         N/A       82%         3
 Passage of Golubria      Tloc           0%         N/A       99%         4
 Summon Ice Beast         Ice/Summ       0%         N/A       99%         4
 Yara's Violent Unravell  Hex/Tmut       0%         3d3       100%        5
 Simulacrum               Ice/Necr       0%         N/A       100%        6


Dungeon Overview and Level Annotations

Branches:
Dungeon (6/15) Zot: 26316
 Temple: D:4-7

Shops:
D:1 *   D:3 :   D:6 [

Annotations:
D:6 Dowan, Duvessa


Innate Abilities, Weirdness & Mutations

You are a hulking beast.
Your limbs bulge with bestial killing power. (Slay +1)
You have an increased reservoir of magic. (+10% MP)
You shall have no god before yourself.
Your divine heritage dramatically boosts your attributes as you level up.
You have a pair of small antennae on your head.
You have sharp toenails.
You are weak. (Str -2)


Message History

Press: ? - help, Shift-Dir - straight line, p - Dowan Dowan resists with significant effort.
Duvessa barely misses you.
Dowan casts a spell.
Dowan blinks!
You close the door.
Duvessa hits you but does no damage. Duvessa barely misses you.
You shoot a sling bullet. The sling bullet barely misses Duvessa.
Duvessa hits you.
You shoot a sling bullet. The sling bullet hits Duvessa.
Duvessa is lightly wounded.
Duvessa misses you.
Something unseen opens the door.
Duvessa barely misses you.
You shoot a sling bullet. The sling bullet hits Duvessa!
Duvessa is heavily wounded.
Duvessa hits you but does no damage.
Aiming: Polymorph
Press: ? - help, Shift-Dir - straight line, f - Dowan, p - Duvessa
Aim: Dowan, wielding a +0 dagger and wearing a +0 robe (moderately wounded, weak-willed, will become a hound, a hobgoblin, or an adder, chance to affect: 57%) Dowan resists with significant effort.
Duvessa hits you but does no damage. Dowan misses you. Duvessa hits you.
Aiming: Polymorph
Press: ? - help, Shift-Dir - straight line, p - Dowan Dowan evaporates and reforms as a hound!
Duvessa closely misses you. Dowan barely misses you.
You shoot a sling bullet. The sling bullet hits Duvessa.
Duvessa is heavily wounded.
Duvessa misses you. Dowan bites you but does no damage.
Duvessa closely misses you. Dowan closely misses you.
You shoot a sling bullet. The sling bullet barely misses Duvessa.
Duvessa closely misses you. Dowan barely misses you.
You shoot a sling bullet.
The sling bullet closely misses Duvessa.
Duvessa barely misses you. Dowan bites you. Duvessa closely misses you.
Dowan barely misses you.
You shoot a sling bullet. The sling bullet barely misses Duvessa.
Duvessa barely misses you. Dowan bites you.
* * * LOW HITPOINT WARNING * * *
You shoot a sling bullet.
The sling bullet closely misses Duvessa.
Duvessa closely misses you. Dowan bites you but does no damage.
Duvessa hits you!
* * * LOW HITPOINT WARNING * * *
Dowan closely misses you.
You shoot a sling bullet. The sling bullet hits Duvessa.
Duvessa is severely wounded.
Dowan bites you.
* * * LOW HITPOINT WARNING * * *
Duvessa hits you.
You die...

. .. ... ##### ....
############...###.....
..........##...#.......
...........#..Fh.......
....#......'..h#.......
....#......#...#.......
....########...###.....
###..........##'####.....
..#..........#.....# ....
..#..........'.....# ...
..#..........#.....# ...
..#..........#.....#
..#..........#.....#


You could see Duvessa the bullfrog and Dowan the hound.

Vanquished Creatures
  Grinder (D:6)
  A black bear (D:4)
  A kobold brigand (D:5)
  A scorpion (D:6)
  4 hounds
  4 sleepcaps
  Jessica (D:2)
  3 iguanas
  An orc wizard (D:5)
  Robin (D:2)
  8 gnolls
  8 adders
  A shadow imp (D:5)
  2 white imps
  A worm (D:5)
  2 dart slugs (D:5)
  9 orcs
  4 ball pythons
  8 bats
  6 endoplasms
  5 giant cockroaches
  15 goblins
  8 hobgoblins
  9 jackals
  4 quokkas
  5 frilled lizards
  11 kobolds
  A rat (D:1)
125 creatures vanquished.

Notes
Turn   | Place    | Note
-------+----------+-------------------------------------------
     0 | D:1      | Ge0ff the Demigod Shapeshifter began the quest for the Orb.
     0 | D:1      | Reached XP level 1. HP: 15/15 MP: 3/3
    87 | D:1      | Reached skill level 1 in Fighting
   151 | D:1      | Found Rusila's General Store.
   161 | D:1      | Reached skill level 1 in Stealth
   223 | D:1      | Reached XP level 2. HP: 23/23 MP: 4/4
   317 | D:1      | You fall into a shaft and drop 1 floor!
   599 | D:1      | Bought a scroll of identify for 28 gold pieces
   599 | D:1      | Bought a scroll of identify for 28 gold pieces
   736 | D:2      | Reached skill level 1 in Ranged Weapons
   846 | D:2      | Reached XP level 3. HP: 20/28 MP: 5/5
  1150 | D:2      | Reached skill level 2 in Ranged Weapons
  1775 | D:3      | Noticed Jessica
  1819 | D:3      | Noticed Robin
  1827 | D:2      | Killed Jessica
  1828 | D:2      | Reached skill level 3 in Ranged Weapons
  1828 | D:2      | Reached XP level 4. HP: 7/35 MP: 6/6
  1958 | D:2      | Killed Robin
  1995 | D:3      | Found Koesyry's Book Shoppe.
  2932 | D:4      | Reached skill level 4 in Ranged Weapons
  2932 | D:4      | Reached XP level 5. HP: 26/40 MP: 7/7
  3412 | D:4      | Noticed a black bear
  3421 | D:4      | Killed a black bear
  3422 | D:4      | Reached skill level 5 in Ranged Weapons
  3432 | D:4      | Reached XP level 6. HP: 47/47 MP: 8/8
  3829 | D:5      | Entered Level 5 of the Dungeon
  4216 | D:5      | Reached skill level 6 in Ranged Weapons
  4611 | D:5      | Reached XP level 7. HP: 47/52 MP: 9/9
  5082 | D:6      | Found Fos Zeq's Antique Armour Shoppe.
  5165 | D:6      | Reached skill level 7 in Ranged Weapons
  5315 | D:6      | Reached skill level 1 in Throwing
  5362 | D:6      | Noticed Grinder
  5416 | D:6      | Killed Grinder
  5420 | D:6      | Noticed Duvessa
  5420 | D:6      | Noticed Dowan
  5426 | D:6      | Gained mutation: You are weak. (Str -2) [potion of
                  | mutation]
  5426 | D:6      | Gained mutation: You have a pair of small antennae on your
                  | head. [potion of mutation]
  5426 | D:6      | Gained mutation: You have sharp toenails. [potion of
                  | mutation]
  5749 | D:6      | Duvessa changed into Duvessa the bullfrog
  5749 | D:6      | Noticed Duvessa
  5757 | D:6      | Dowan changed into Dowan the hound
  5757 | D:6      | Noticed Dowan
  5763 | D:6      | Slain by Duvessa the bullfrog

Illustrated notes

Levels and vault maps discovered:
D:1:      lightli_arrival_maybe_door_vault, layout_rooms, serial_shops, shop,
          dreamdust_princess_corridor
D:2:      layout_loops_ring, grunt_decor_fettered, hangedman_decor_lopped
D:3:      layout_loops_ring, serial_shops, shop, uniq_jessica, uniq_robin
D:4:      cheibrodos_old_hovel, layout_basic, grunt_qazlal_clouds,
          mainiacjoe_overflow_alcove_2, nicolae_overflow_hidden_temple
D:5:      layout_basic, elyvilon_altar_1
D:6:      minmay_spotlight, layout_gridville, mainiacjoe_overflow_cross_hatched,
          minmay_temple_entry_enclosed_plants, cheibrodos_sewer_entry_bend,
          serial_shops, nicolae_stop_n_shop_1, uniq_grinder, uniq_duvessa

Skill      XL: |  1  2  3  4  5  6  7 |
---------------+----------------------+-----
Unarmed Combat | 3 |  3.0
Fighting       | 1 2 |  2.0
Stealth        | 1 |  1.0
Shapeshifting  | 3 |  3.0
Ranged Weapons | 1 3 4 5 6 7 |  7.7
Throwing       | 2 |  2.0
Dodging        | |  1.7

Action                     |  1- 3 |  4- 6 |  7- 9 || total
---------------------------+-------+-------+-------++-------
  Melee: Unarmed           |   145 |    31 |     3 ||   179
         Punch             |     2 |     1 |       ||     3
         Dagger            |       |     9 |    14 ||    23
   Fire: Sling             |     8 |   212 |    70 ||   290
Ability: Begin Untransform |       |     1 |       ||     1
  Evoke: Wand              |       |       |    13 ||    13
    Use: Scroll            |     6 |     6 |     6 ||    18
         Potion            |       |     1 |     6 ||     7
 Armour: Animal skin       |     5 |       |       ||     5
         Leather armour    |    49 |    89 |    66 ||   204
         Skin              |       |    24 |     3 ||    27
  Dodge: Dodged            |    85 |    84 |    70 ||   239
   Form: Beast             |       |     1 |       ||     1

Table legend: (Time is in decaauts)
 A = Elapsed time spent in this place.
 B = Non-inter-level travel time spent in this place.
 C = Inter-level travel time spent in this place.
 D = Time resting spent in this place.
 E = Time spent auto-exploring this place.
 F = Levels seen in this place.
 G = Mean time per level.
                   A        B        C        D        E       F      G
               +--------+--------+--------+--------+--------+-----+--------+
         Total |   5796 |   5627 |    169 |    292 |   3696 |   6 |  966.0 |
       Dungeon |   5796 |   5627 |    169 |    292 |   3696 |   6 |  966.0 |
               +--------+--------+--------+--------+--------+-----+--------+

Top non-repeatable levels by time:
     D:5: 1457 daAuts
     D:2: 1161 daAuts
     D:4: 1114 daAuts
     D:3: 1033 daAuts
     D:1: 538 daAuts
     D:6: 491 daAuts
